 Dungeon Crawl Stone Soup version 0.32-a0-391-gce5c0aab1b (webtiles) character file.

Game seed: 5710697243578085302

522 pokeman the Magician (level 7, -3/39 HPs)
             Began as a Deep Elf Hedge Wizard on Feb 19, 2024.
             Killed from afar by a dart slug (5 damage)
             ... with a slug dart
             ... on level 5 of the Dungeon.
             The game lasted 00:07:17 (4610 turns).

pokeman the Magician (Deep Elf Hedge Wizard)        Turns: 4610, Time: 00:07:18

Health: -3/39      AC:  3    Str: 11 (13) XL:     7   Next: 1%
Magic:  1/19       EV: 12    Int: 24 (25) God:
Gold:   247        SH:  0    Dex: 12 (14) Spells: 7/20 levels left

rFire   . . .        s - +1 spear "Beetleslayer" {heavy, Int+4}
rCold   . . .        (no shield)
rNeg    . . .        b - +0 robe
rPois   .            c - +0 hat
rElec   .            (no cloak)
rCorr   +            x - +0 pair of gloves
SInv    .            (no boots)
Will    .....        (no amulet)
Stlth   ++           a - +6 ring of strength
HPRegen 0.26/turn    t - ring of resist corrosion
MPRegen 0.16/turn

%: no passive effects
@: on blink cooldown
A: no striking features
a: no special abilities


You were on level 5 of the Dungeon.
You visited 1 branch of the dungeon, and saw 5 of its levels.

You collected 247 gold pieces.

Inventory:

Hand Weapons
 s - the +1 spear "Beetleslayer" (weapon) {heavy, Int+4}
   (You found it on level 2 of the Dungeon)

   Int+4:     It affects your intelligence (+4).
Missiles
 u - 2 throwing nets
Armour
 b - a +0 robe (worn)
 c - a +0 hat (worn)
 x - a +0 pair of gloves (worn)
Magical Staves
 k - a staff of fire
Jewellery
 a - a +6 ring of strength (left hand)
 t - a ring of resist corrosion (right hand)
 y - a ring of positive energy
Scrolls
 g - 2 scrolls of enchant weapon {unknown}
 i - 2 scrolls of enchant armour {unknown}
 j - 2 scrolls of noise {unknown}
 l - 4 scrolls of identify {unknown}
 n - 2 scrolls of blinking {unknown}
 o - 4 scrolls of teleportation {unknown}
 r - a scroll of vulnerability {unknown}
Potions
 d - 3 potions of magic
 e - a potion of mutation {unknown}
 f - a potion of lignification {unknown}
 m - a potion of berserk rage {unknown}
 p - 2 potions of attraction {unknown}
 q - a potion of ambrosia {unknown}
 v - a potion of heal wounds {unknown}
 w - a potion of enlightenment {unknown}


   Skills:
 + Level 1.7 Fighting
 - Level 1.0 Armour
 - Level 3.0 Dodging
 - Level 3.0 Stealth
 * Level 7.4 Spellcasting
 + Level 3.5 Conjurations
 - Level 1.1 Summonings
 - Level 1.1 Translocations
 + Level 2.2 Fire Magic
 - Level 1.0 Air Magic
 - Level 1.0 Alchemy
 - Level 1.0 Evocations


You had 7 spell levels left.
You knew the following spells:

 Your Spells              Type           Power      Damage    Failure   Level
a - Magic Dart            Conj           100%       1d8       1%          1
b - Mephitic Cloud        Conj/Alch/Air  17%        N/A       10%         3
c - Call Imp              Summ           28%        N/A       7%          2
d - Blink                 Tloc           28%        N/A       7%          2
e - Irradiate             Conj/Alch      9%         3d14      58%         5

Your spell library contained the following spells:

 Spells                   Type           Power      Damage    Failure   Level
 Searing Ray              Conj           50%        2d6       2%          2
 Slow                     Hex            32%        N/A       7%          1
 Cigotuvi's Dreadful Rot  Necr/Alch/Air  24%        N/A       8%          2
 Call Canine Familiar     Summ           14%        N/A       13%         3
 Inner Flame              Hex/Fire       14%        N/A       13%         3
 Confusing Touch          Hex            8%         N/A       21%         3
 Sigil of Binding         Hex            8%         N/A       21%         3
 Fulminant Prism          Conj/Alch      9%         3d7       26%         4
 Dimensional Bullseye     Hex/Tloc       5%         N/A       50%         4
 Ignition                 Fire           9%         3d5       100%        8


Dungeon Overview and Level Annotations

Branches:
Dungeon (5/15)
 Temple: D:4-7

Altars:
Dithmenos
Okawaru
Uskayaw

Annotations:
D:5 Pikel


Message History

The lemure is in the way.
You closely miss the lemure.
The lemure is lightly wounded.
The ufetubus barely misses the lemure.
The ufetubus hits the lemure.
The lemure is engulfed in noxious fumes.
The lemure appears confused.
The lemure hits you.
* * * LOW HITPOINT WARNING * * *
The lemure hits itself.
The iguana is engulfed in noxious fumes.
The iguana appears confused.
The iguana barely misses the howler monkey.
The ufetubus hits the lemure.
The ufetubus barely misses the lemure.
The howler monkey is engulfed in noxious fumes.
The howler monkey appears confused.
The lemure barely misses you.
The iguana is engulfed in noxious fumes.
The iguana appears confused.
The howler monkey is engulfed in noxious fumes.
The lemure seems less confused.
The ufetubus hits you but does no damage.
The ufetubus closely misses you. The lemure hits you.
* * * LOW HITPOINT WARNING * * *
The iguana barely misses the howler monkey.
The howler monkey hits the lemure.
The dart slug launches a dart at you. The slug dart hits you.
* * * LOW HITPOINT WARNING * * *
Unknown command.
Casting: Mephitic Cloud (dangerous; 10% risk of failure)
Confirm with . or Enter, or press ? or * to list all spells.
You blink.
The iguana bites the ufetubus!
The ufetubus is killed!
Casting: Blink (safe; 7% risk of failure)
Confirm with . or Enter, or press ? or * to list all spells.
Aiming: Magic Dart (safe; 1% risk of failure)
Press: ? - help, Shift-Dir - straight line, f - howler monkey
Aim: a howler monkey (almost dead, confused, 100% to hit)
The magic dart hits the howler monkey but does no damage.
The howler monkey is almost dead.
The dart slug launches a dart at you. The slug dart hits you.
You die...

...###.##.###......##............
....#.............#####.##.......
....................##...#.......
.............###...#.#...#.......
......#......#..............#....
......##.#............##...##..#.
......#..#####...(...####.## ##
#. ##. #...5..§#5#.######. #.
#.@.h......5.##....
.............l...##....5..
...........°.5.....5....
.#.##............####### ..
..........°†##(((##. #
.............#(#(#.##
..........w...#((#...#
...............#.#(#.##
..........##...##.


You could see 3 lemures, a howler monkey (confused), an iguana (confused) and a
dart slug.

Vanquished Creatures
  A phantom (D:5)
  A lemure (D:5)
  2 scorpions (D:5)
  A bombardier beetle (D:4)
  A gnoll bouda (D:3)
  An iguana (D:4)
  3 gnolls (D:3)
  5 adders
  A white imp (D:5)
  4 ufetubi
  2 ribbon worms
  3 dart slugs
  8 bats
  6 endoplasms
  2 giant cockroaches
  4 goblins
  7 hobgoblins
  3 jackals (D:1)
  3 quokkas
  12 ball pythons
  3 frilled lizards
  5 kobolds
  7 rats
85 creatures vanquished.

Notes
Turn   | Place    | Note
-------+----------+-------------------------------------------
     0 | D:1      | pokeman the Deep Elf Hedge Wizard began the quest for the
                  | Orb.
     0 | D:1      | Reached XP level 1. HP: 10/10 MP: 7/7
    81 | D:1      | Reached XP level 2. HP: 16/16 MP: 1/9
   417 | D:1      | Reached skill level 5 in Spellcasting
   504 | D:1      | Reached XP level 3. HP: 20/20 MP: 9/11
   508 | D:1      | Learned a level 3 spell: Mephitic Cloud
   511 | D:1      | Learned a level 2 spell: Call Imp
   514 | D:1      | Learned a level 2 spell: Blink
   988 | D:1      | Reached skill level 1 in Fighting
  1107 | D:2      | Reached skill level 1 in Armour
  1244 | D:2      | Reached XP level 4. HP: 25/25 MP: 4/13
  1856 | D:2      | Identified the +1 spear "Beetleslayer" {heavy, Int+4}
  2826 | D:3      | Reached skill level 6 in Spellcasting
  2826 | D:3      | Reached XP level 5. HP: 29/29 MP: 2/15
  3030 | D:3      | Learned a level 5 spell: Irradiate
  3740 | D:4      | Found an iron altar of Okawaru.
  3892 | D:4      | Found a shadowy altar of Dithmenos.
  3922 | D:4      | Reached skill level 1 in Evocations
  4184 | D:4      | Reached skill level 1 in Fire Magic
  4184 | D:4      | Reached skill level 1 in Air Magic
  4184 | D:4      | Reached skill level 1 in Alchemy
  4191 | D:4      | Reached XP level 6. HP: 33/34 MP: 8/17
  4297 | D:4      | Got the Exposition on Charms
  4314 | D:5      | Entered Level 5 of the Dungeon
  4428 | D:5      | Reached skill level 7 in Spellcasting
  4560 | D:5      | Noticed a +0 falchion
  4560 | D:5      | Noticed a +0 dagger
  4561 | D:5      | Noticed a +0 short sword
  4561 | D:5      | Noticed a +0 spear
  4562 | D:5      | Noticed a +0 short sword
  4562 | D:5      | Noticed a +0 falchion
  4562 | D:5      | Noticed a +0 dagger
  4562 | D:5      | Noticed a +0 spear
  4567 | D:5      | Found a hide-covered altar of Uskayaw.
  4576 | D:5      | Noticed Pikel
  4588 | D:5      | Reached XP level 7. HP: 39/39 MP: 12/19
  4610 | D:5      | Killed from afar by a dart slug

Illustrated notes

Levels and vault maps discovered:
D:1:      minmay_arrival_stone_box, layout_rooms, minmay_misc_feat_alley
D:2:      layout_basic, roderic_lattice_a
D:3:      layout_basic
D:4:      layout_basic, okawaru_metal_pillars_1_2,
          nicolae_dithmenos_through_a_glass_darkly
D:5:      layout_cave_pools, nicolae_uskayaw_en_pointe, uniq_blork_the_orc,
          uniq_pikel

Skill      XL: |  1  2  3  4  5  6 |
---------------+-------------------+-----
Spellcasting   | 5 6 7 |  7.4
Fighting       | 1 |  1.7
Armour         | 1 |  1.0
Conjurations   | 2 3 |  3.5
Dodging        | 3 |  3.0
Stealth        | 3 |  3.0
Evocations     | 1 |  1.0
Fire Magic     | 1 2 |  2.2
Air Magic      | 1 |  1.0
Alchemy        | 1 |  1.0
Summonings     | |  1.1
Translocations | |  1.1

Action                     |  1- 3 |  4- 6 |  7- 9 || total
---------------------------+-------+-------+-------++-------
  Melee: Dagger            |     3 |       |       ||     3
         Spear             |       |    16 |    10 ||    26
   Cast: Magic Dart        |    82 |   128 |     1 ||   211
         Mephitic Cloud    |       |     5 |     4 ||     9
         Blink             |       |       |     1 ||     1
    Use: Potion            |       |     3 |       ||     3
   Stab: Confused          |       |     3 |     2 ||     5
 Armour: Robe              |     7 |    16 |    12 ||    35
  Dodge: Dodged            |    23 |     6 |     8 ||    37

Table legend: (Time is in decaauts)
 A = Elapsed time spent in this place.
 B = Non-inter-level travel time spent in this place.
 C = Inter-level travel time spent in this place.
 D = Time resting spent in this place.
 E = Time spent auto-exploring this place.
 F = Levels seen in this place.
 G = Mean time per level.
                   A        B        C        D        E       F      G
               +--------+--------+--------+--------+--------+-----+--------+
         Total |   4624 |   4538 |     86 |      0 |   4056 |   5 |  924.8 |
       Dungeon |   4624 |   4538 |     86 |      0 |   4056 |   5 |  924.8 |
               +--------+--------+--------+--------+--------+-----+--------+

Top non-repeatable levels by time:
     D:2: 1406 daAuts
     D:3: 1238 daAuts
     D:1: 1084 daAuts
     D:4: 588 daAuts
     D:5: 306 daAuts
